 Dungeon Crawl Stone Soup version 0.29.1-15-g9cfb28693d (webtiles) character file.

Game seed: 1016231497182782817

668 javelincjr the Magician (level 7, -4/51 HPs)
             Began as a Djinni Conjurer on Mar 17, 2023.
             Was a Priest of Lugonu.
             Slain by an orc warrior
             ... wielding a +0 short sword
              (14 damage)
             ... on level 6 of the Dungeon.
             The game lasted 00:19:52 (6825 turns).

javelincjr the Magician (Djinni Conjurer)           Turns: 6825, Time: 00:19:52

Health: -4/51      AC:  1    Str:  8    XL:     7   Next: 88%
Gold:   234        EV: 13    Int: 19    God:    Lugonu [***...] SH:  0 Dex: 12

rFire   + + .      SeeInvis .   p - +0 dagger
rCold   x . .      Faith    .   (no shield)
rNeg    . . .      Spirit   .   (no body armour)
rPois   ∞          Reflect  .   B - +0 helmet
rElec   .          Harm     .   (no cloak)
rCorr   .          Rampage  .   (no gloves)
Will    .....                   (boots unavailable)
Stlth   ++........              (no amulet)
HPRegen 0.17/turn               x - +4 ring of slaying
MPRegen 0.00/turn               (no ring)

@: flying
A: sickness immunity, fire resistance 2, cold vulnerability 1, float, innate
caster, HP casting, extra vitality 1
a: Renounce Religion, Depart the Abyss, Bend Space, Banish


You were on level 6 of the Dungeon.
You worshipped Lugonu.
Lugonu was most pleased with you.
You visited 2 branches of the dungeon, and saw 7 of its levels.

You collected 234 gold pieces.

Inventory:

Hand Weapons
 p - a +0 dagger (weapon)
Armour
 l - a +1 ring mail of poison resistance
 r - a +0 kite shield
 B - a +0 helmet (worn)
Jewellery
 x - a +4 ring of slaying (left hand)
Wands
 A - a wand of flame (33)
Scrolls
 g - a scroll of brand weapon {unknown}
 h - 2 scrolls of blinking {unknown}
 k - a scroll of summoning {unknown}
 n - 3 scrolls of teleportation
 q - 3 scrolls of fear
 s - a scroll of butterflies {unknown}
 u - a scroll of enchant armour {unknown}
 v - 2 scrolls of vulnerability {unknown}
 y - a scroll of noise {unknown}
Potions
 b - a potion of curing {unknown}
 d - 2 potions of attraction {unknown}
 e - 2 potions of haste {unknown}
 f - a potion of mutation {unknown}
 i - a potion of magic {unknown}
 m - a potion of might {unknown}
 o - 2 potions of flight {unknown}
 t - 4 potions of heal wounds
 w - a potion of resistance {unknown}
 z - a potion of brilliance {unknown}


   Skills:
 * Level 3.6 Fighting
 + Level 2.3 Armour
 + Level 3.9 Dodging
 + Level 3.2 Stealth
 + Level 1.7 Shields
 + Level 4.0 Spellcasting
 + Level 2.5 Invocations


You couldn't memorise any spells.
You knew the following spells:

 Your Spells              Type           Power      Damage    Failure   Level
a - Magic Dart            Conj           76%        1d6       2%          1
b - Searing Ray           Conj           38%        2d5       4%          2
c - Dazzling Flash        Conj/Hex       38%        N/A       8%          3
d - Fulminant Prism       Conj/Hex       9%         3d7       26%         4
e - Iskenderun's Mystic   Conj/Tloc      19%        2d6       26%         4
f - Freeze                Ice            76%        1d9       2%          1
g - Wereblood             Tmut           19%        N/A       4%          2
h - Conjure Flame         Conj/Fire      19%        6-21      8%          3
Your spell library was empty.

Dungeon Overview and Level Annotations

Branches:
Dungeon (6/15)             Temple (1/1) D:5

Altars:
Ashenzari
Dithmenos
Fedhas
Gozag
Hepliaklqana
Nemelex Xobeh
Okawaru
Ru
Wu Jian
Xom
Zin
Lugonu

Annotations:
D:2 Sigmund
D:3 1 runed translucent door, roninjake's ghost, amateur GrFi
D:5 2 runed translucent doors, 2 transporters, Gelion's ghost, amateur DEHu


Innate Abilities, Weirdness & Mutations

You are immune to sickness and miasma.
You are immune to poison.
Your flesh is very heat resistant. (rF++)
You are vulnerable to cold. (rC-)
You float through the air rather than walking.
You learn spells naturally, not from books.
Your magical power is your life essence.
You have superior vitality. (+4 MHP)


Message History

The searing ray hits the orc warrior but does no damage.
The orc warrior is heavily wounded.
The searing ray hits the orc!
The orc is almost dead. (Press . to maintain the ray.)
The orc warrior hits you with a +0 short sword.
The searing ray misses the orc warrior.
The searing ray hits the orc.
You kill the orc!
Lugonu accepts your kill.
The orc warrior hits you with a +0 short sword!
An orc priest comes into view. It is wielding a +0 flail.
Your magical contamination has completely faded away.
The searing ray hits the orc warrior but does no damage.
The orc warrior is heavily wounded.
The searing ray hits the orc priest!
The orc priest is heavily wounded.
The orc priest shouts!
The orc warrior hits you with a +0 short sword!
The searing ray hits the orc warrior!
The orc warrior is severely wounded.
The searing ray hits the orc priest!
You kill the orc priest!
Lugonu accepts your kill.
You finish channelling your searing ray.
The orc warrior misses you.
Casting: Searing Ray (safe; 4% risk of failure)
Confirm with . or Enter, or press ? or * to list all spells.
Aiming: Searing Ray (safe; 4% risk of failure)
Press: ? - help, Shift-Dir - straight line, f - orc warrior
Aim: an orc warrior, wielding a +0 short sword and wearing a +0 plate armour (severely wounded, 78% to hit)
The searing ray hits the orc warrior.
The orc warrior is almost dead. (Press . to maintain the ray.)
The orc warrior hits you with a +0 short sword.
* * * LOW HITPOINT WARNING * * *
The searing ray hits the orc warrior but does no damage.
The orc warrior is almost dead.
* * * LOW HITPOINT WARNING * * *
The orc warrior hits you with a +0 short sword!
You die...

####### #.....##
##.^^^..#
#####..^_...#
#......^^^..###
#.####........#
#.# #.####.#.#
###.####.# #.#.#
####o@...##.#
#.#>#
..).)......##.#
#.#.#
#.#.##.#.<.##.#
#.#.# #
#.#...##.####.#.#
#.#...........#.#
#......<......#
#........###.##
.......##### #.#
.....#.# #.#


You could see an orc warrior.

Vanquished Creatures
  An acid dragon (D:5)
  An ogre (D:5)
  A necrophage (D:4)
  A hound (D:4)
  4 orc priests
  Jessica (D:3)
  2 iguanas
  An orc wizard (D:4)
  5 adders
  2 worms
  7 dart slugs
  15 orcs
  6 ball pythons
  3 bats
  6 endoplasms
  4 giant cockroaches
  5 goblins
  8 hobgoblins
  3 jackals (D:2)
  2 quokkas
  9 kobolds
  5 rats
92 creatures vanquished.

Notes
Turn   | Place    | Note
-------+----------+-------------------------------------------
     0 | D:1      | javelincjr the Djinni Conjurer began the quest for the Orb.
     0 | D:1      | javelincjr set off with the following spells memorised:
                  | Magic Dart, Searing Ray, Dazzling Flash, Fulminant Prism,
                  | Iskenderun's Mystic Blast.
     0 | D:1      | Reached XP level 1. HP: 15/15 MP: 0/0
   414 | D:1      | Reached XP level 2. HP: 9/21 MP: 0/0
  1272 | D:1      | Found a faded altar of an unknown god.
  1276 | D:1      | Prayed at the altar of an unknown god.
  1276 | D:1      | Became a worshipper of Lugonu the Unformed
  1276 | D:1      | Reached * piety under Lugonu
  1276 | D:1      | Reached ** piety under Lugonu
  1371 | D:2      | Reached XP level 3. HP: 19/25 MP: 0/0
  1371 | D:2      | Learned a level 1 spell: Freeze
  1966 | D:2      | Reached XP level 4. HP: 26/31 MP: 0/0
  1974 | D:2      | Reached skill level 1 in Fighting
  2227 | D:2      | Noticed Sigmund
  2763 | D:3      | Found a sparkling altar of Nemelex Xobeh.
  2777 | D:3      | HP: 1/32 [orc priest/divine providence (13)]
  3192 | D:3      | Reached skill level 1 in Armour
  3192 | D:3      | Reached XP level 5. HP: 33/37 MP: 0/0
  3192 | D:3      | Learned a level 2 spell: Wereblood
  3368 | D:3      | Reached skill level 1 in Invocations
  3969 | D:3      | Found a runed translucent door.
  3969 | D:3      | Noticed roninjake's ghost (amateur GrFi)
  3977 | D:3      | Noticed Jessica
  3984 | D:3      | Killed Jessica
  4117 | D:3      | Found an iron altar of Okawaru.
  4341 | D:4      | Reached XP level 6. HP: 12/43 MP: 0/0
  4351 | D:4      | Reached *** piety under Lugonu
  4700 | D:4      | Found a hazy altar of Hepliaklqana.
  5058 | D:4      | Reached skill level 1 in Shields
  5182 | D:4      | Reached XP level 7. HP: 39/49 MP: 0/0
  5182 | D:4      | Learned a level 3 spell: Conjure Flame
  5772 | D:5      | Entered Level 5 of the Dungeon
  5772 | D:5      | Noticed an acid dragon
  5772 | D:5      | Found a broken altar of Ashenzari.
  5778 | D:5      | Killed an acid dragon
  5985 | D:5      | Found a runed translucent door.
  5994 | D:5      | Found a runed translucent door.
  6400 | D:5      | Found a transporter.
  6427 | D:5      | Noticed Gelion's ghost (amateur DEHu)
  6434 | D:5      | Found a transporter.
  6473 | D:5      | Reached skill level 4 in Spellcasting
  6515 | D:5      | Found a staircase to the Ecumenical Temple.
  6606 | Temple   | Entered the Ecumenical Temple
  6792 | D:6      | Found a shimmering altar of Xom.
  6825 | D:6      | Slain by an orc warrior

Illustrated notes

Levels and vault maps discovered:
D:1:      wander_arrival_lonely_grave, layout_loops_corners,
          shapermc_ecumenical_altar_mp_vishouse
D:2:      layout_rooms, grunt_ministairs_13, uniq_sigmund
D:3:      layout_basic, general_overflow_altar, mainiacjoe_overflow_catwalk,
          gammafunk_ghost_grave, uniq_jessica
D:4:      layout_loops_corners, mainiacjoe_overflow_brackets
D:5:      lemuel_insect_pit, layout_gridville,
          mainiacjoe_overflow_concentric_impassable, temple_green,
          gammafunk_ghost_arena, minmay_misc_feat_iff
D:6:      cheibrodos_steamvent, layout_loops_ring, tso_oasis_becter,
          grunt_qazlal_sundering, xom_teletrap_fun, nicolae_uskayaw_dance_hall,
          minmay_lizard_king, uniq_edmund
Temple:   nicolae_temple_colour_theory

Skill      XL: |  1  2  3  4  5  6  7 |
---------------+----------------------+-----
Stealth        | 2 3 |  3.2
Dodging        | 3 |  3.9
Fighting       | 1 2 3 |  3.6
Armour         | 1 2 |  2.3
Invocations    | 1 2 |  2.5
Shields        | 1 |  1.7
Spellcasting   | 4 |  4.0

Action                   |  1- 3 |  4- 6 |  7- 9 || total
-------------------------+-------+-------+-------++-------
 Cast: Magic Dart        |    65 |    90 |    20 ||   175
       Searing Ray       |     1 |    16 |    13 ||    30
       Iskenderun's Myst |       |     1 |       ||     1
  Use: Scroll            |       |       |     4 ||     4
Armor: Robe              |       |     3 |     1 ||     4
       Ring mail         |       |       |     3 ||     3
Dodge: Dodged            |     3 |    20 |     6 ||    29
